 Dungeon Crawl Stone Soup version 0.21-a0-517-gd76cfe0 (webtiles) character file.

3981 slep the Cleaver (level 10, 0/52 HPs)
             Began as a Vine Stalker Monk on Dec 4, 2017.
             Was a Priest of Okawaru.
             Slain by a two-headed ogre
             ... wielding a +0 giant club
              (10 damage)
             ... on level 9 of the Dungeon.
             The game lasted 00:42:44 (5850 turns).

slep the Cleaver (Vine Stalker Monk)                Turns: 5850, Time: 00:42:45

Health: 0/52       AC:  9    Str: 12      XL:     10   Next: 22%
Magic:  0/20       EV: 14    Int:  9 (10) God:    Okawaru [***...]
Gold:   329        SH:  8    Dex: 19 (20) Spells: 9/9 levels left

rFire    . . .     SeeInvis .   s - +3 trident
rCold    . . .     Gourm    .   (no shield)
rNeg     . . .     Faith    .   f - +0 ring mail
rPois    .         Spirit   +   z - +0 helmet
rElec    .         Reflect  +   (no cloak)
rCorr    .         Harm     .   C - +0 pair of gloves
MR       +++..     Rnd*Rage +   e - +0 pair of boots
Stlth    +++.......             B - brooch of Shielding {Reflect SH+8}
HPRegen  0.57/turn              k - ring of protection from magic
MPRegen  0.17/turn              A - ring of magical power

@: no status effects
A: fangs 3, berserk 1, blink, deterioration 2, magic resistance 1, regeneration
1, weak 1, magic shield, antimagic bite, no potion heal 3, rot immunity
a: Blink, Heroism, Renounce Religion


You were on level 9 of the Dungeon.
You worshipped Okawaru.
Okawaru was most pleased with you.
You were not hungry.

You visited 2 branches of the dungeon, and saw 10 of its levels.

You collected 329 gold pieces.

Inventory:

Hand Weapons
 a - a +0 hand axe
 o - a +0 blowgun
 s - a +3 trident (weapon)
 D - a +1 mace of crushing
Missiles
 p - 64 poisoned needles
Armour
 e - a +0 pair of boots (worn)
 f - a +0 ring mail (worn)
 z - a +0 helmet (worn)
 C - a +0 pair of gloves (worn)
Jewellery
 k - a ring of protection from magic (left hand)
 y - an uncursed ring of wizardry
 A - a ring of magical power (right hand)
 B - the brooch of Shielding (around neck) {Reflect SH+8}
   (You found it on level 4 of the Dungeon)

   [amulet of reflection]

   It shields you and reflects attacks.
   It affects your SH (+8).
Wands
 b - a wand of enslavement (14)
Scrolls
 d - 5 scrolls of remove curse
 i - 5 scrolls of magic mapping {unknown}
 j - a scroll of fear {unknown}
 l - 2 scrolls of enchant armour {unknown}
 n - 5 scrolls of teleportation {unknown}
 r - 2 scrolls of enchant weapon {unknown}
 w - a scroll of random uselessness {unknown}
 x - 2 scrolls of identify {unknown}
 E - 4 scrolls of immolation {unknown}
 K - 2 scrolls of amnesia {unknown}
 L - a scroll of fog {unknown}
Potions
 g - a potion of cancellation
 h - a potion of haste
 m - 4 potions of heal wounds {unknown}
 u - 3 potions of curing
 F - a potion of degeneration {unknown}
 G - a potion of lignification {unknown}
 J - a potion of flight {unknown}
Books
 q - a book of Maledictions

   Spells                             Type                      Level
   a - Corona                         Hexes                        1
   b - Ensorcelled Hibernation        Hexes/Ice                    2
   c - Confuse                        Hexes                        3
   d - Tukima's Dance                 Hexes                        3
   e - Dazzling Spray                 Conjuration/Hexes            3
 M - a book of Necromancy

   Spells                             Type                      Level
   a - Pain                           Necromancy                   1
   b - Animate Skeleton               Necromancy                   1
   c - Vampiric Draining              Necromancy                   3
   d - Regeneration                   Charms/Necromancy            3
   e - Animate Dead                   Necromancy                   4
   f - Control Undead                 Necromancy                   4
Comestibles
 c - 3 bread rations
 t - 5 royal jellies
 v - 3 fruits
 I - 4 meat rations


   Skills:
 + Level 5.6 Fighting
 + Level 8.0(8.2) Axes
 + Level 0.1(4.9) Maces & Flails
 + Level 2.4(5.6) Polearms
 + Level 4.8 Throwing
 + Level 4.5 Armour
 + Level 5.1 Dodging
 + Level 5.0 Stealth


You had 9 spell levels left.
You didn't know any spells.

Dungeon Overview and Level Annotations

Branches:
Dungeon (9/15)             Temple (1/1) D:6            Lair (0/6) D:8
    Orc: D:9-12

Altars:
Cheibriados
Elyvilon
Kikubaaqudgha
Makhleb
Nemelex Xobeh
Okawaru
Ru
Sif Muna
Uskayaw
Vehumet
Xom
Yredelemnul
Zin


Innate Abilities, Weirdness & Mutations

You have razor-sharp teeth.
Your natural rate of healing is unusually fast.
When hurt, damage is shared between your health and your magic reserves.
Your bite disrupts and absorbs the magic of your enemies.
Potions cannot restore your health.
You are immune to rotting.
You tend to lose your temper in combat.
You can translocate small distances at will.
Your body often deteriorates upon taking damage.
You are resistant to hostile enchantments. (MR+)
You are weak. (Str -2)


Message History

The two-headed ogre hits you with a giant club.
You puncture the two-headed ogre!
You bite the two-headed ogre, but do no damage.
The two-headed ogre is moderately wounded.
The two-headed ogre barely misses you.
The two-headed ogre hits you with a giant club.
You hit the two-headed ogre.
You bite the two-headed ogre, but do no damage.
The two-headed ogre is moderately wounded.
The two-headed ogre hits you with a giant club!
Your body deteriorates!
You feel dopey.
The two-headed ogre hits you with a giant club!!
* * * LOW HITPOINT WARNING * * *
Your body deteriorates!
You feel clumsy.
As you are about to starve, you manage to eat something.
You eat one of the 4 bread rations.
That bread ration really hit the spot!
You eat one of the 4 fruits.
Mmm - a full handful of strawberries!
The two-headed ogre hits you but does no damage.
The two-headed ogre hits you with a giant club!
You die...

#.............. #.......
##.............
##....... #............#
#........
##....(....#####.....###
#........## #......#
##......## ##......##
##...#########..........
#.....#####......#######
......##.O@......####
......# ##....#####
...### ###### ##


You could see a two-headed ogre.

Vanquished Creatures
  Erolcha (D:9)
  Pikel (D:4)
  2 hungry ghosts (D:9)
  Menkaure (D:5)
  Edmund (D:6)
  2 hell hounds (D:8)
  2 orc warriors (D:8)
  4 ogres
  3 phantoms
  3 sky beasts
  An ice beast (D:4)
  3 centaurs
  A scorpion (D:7)
  A centaur zombie (D:8)
  A hound (D:7)
  5 orc wizards
  2 orc priests
  3 iguanas
  A centaur skeleton (D:7)
  A statue (D:6)
  4 worker ants
  A hound zombie (D:7)
  2 hound skeletons
  6 adders
  2 howler monkey skeletons (D:5)
  2 oozes
  An adder skeleton (D:7)
  41 orcs
  4 bats (D:1)
  5 giant cockroaches
  2 gnoll zombies (D:5)
  9 goblins
  7 hobgoblins
  5 jackals
  9 kobolds
  4 frilled lizards
  A jackal skeleton (D:4)
  A jackal zombie (D:7)
  A leopard gecko skeleton (D:7)
  A quokka zombie (D:7)
  3 rats
150 creatures vanquished.

Vanquished Creatures (others)
  A hound (D:5)
  4 toadstools (D:1)
5 creatures vanquished.

Grand Total: 155 creatures vanquished

Notes
Turn   | Place    | Note
-------+----------+-------------------------------------------
     0 | D:1      | slep the Vine Stalker Monk began the quest for the Orb.
     0 | D:1      | Reached XP level 1. HP: 11/11 MP: 2/2
   138 | D:1      | Reached XP level 2. HP: 14/16 MP: 3/3
   209 | D:1      | Reached skill level 3 in Axes
   380 | D:1      | Reached XP level 3. HP: 18/19 MP: 4/4
   944 | D:2      | Reached skill level 1 in Armour
  1025 | D:2      | Found a white marble altar of Elyvilon.
  1446 | D:3      | Gained mutation: Your natural rate of healing is unusually fast. [Vine Stalker growth]
  1446 | D:3      | Reached XP level 4. HP: 17/24 MP: 5/5
  1653 | D:3      | Found a faded altar of an unknown god.
  1907 | D:4      | Noticed an ogre
  1933 | D:4      | Reached XP level 5. HP: 21/28 MP: 2/6
  1966 | D:4      | Found the brooch of Shielding {Reflect SH+8}
  2001 | D:4      | Reached skill level 4 in Axes
  2049 | D:4      | Noticed an ogre
  2066 | D:4      | Noticed a phantom
  2096 | D:4      | Killed an ogre
  2096 | D:4      | Reached skill level 1 in Throwing
  2096 | D:4      | Reached XP level 6. HP: 27/32 MP: 7/7
  2117 | D:4      | Killed a phantom
  2253 | D:4      | Reached XP level 7. HP: 36/36 MP: 8/8
  2419 | D:4      | Reached skill level 5 in Axes
  2606 | D:5      | Entered Level 5 of the Dungeon
  2640 | D:5      | Reached skill level 1 in Polearms
  2811 | D:5      | Noticed an angel
  2811 | D:5      | Found a shimmering altar of Xom.
  2811 | D:5      | Found a glowing silver altar of Zin.
  2812 | D:5      | Noticed Pikel
  2879 | D:4      | Killed Pikel
  2879 | D:4      | Gained mutation: You have razor-sharp teeth. [Vine Stalker growth]
  2879 | D:4      | Reached XP level 8. HP: 20/42 MP: 5/9
  2992 | D:5      | Found a basalt altar of Yredelemnul.
  3151 | D:5      | Noticed Menkaure
  3161 | D:5      | Killed Menkaure
  3283 | D:6      | Found a hide-covered altar of Uskayaw.
  3323 | D:6      | Found a radiant altar of Vehumet.
  3366 | D:6      | Noticed Edmund
  3400 | D:6      | Killed Edmund
  3400 | D:6      | Reached skill level 6 in Axes
  3473 | D:6      | Found a staircase to the Ecumenical Temple.
  3483 | Temple   | Entered the Ecumenical Temple
  3498 | Temple   | Became a worshipper of Warmaster Okawaru
  3498 | Temple   | Reached * piety under Okawaru
  3498 | Temple   | Reached ** piety under Okawaru
  3534 | D:6      | Gained mutation: You tend to lose your temper in combat. [mutagenic meat]
  3535 | D:6      | Gained mutation: You can translocate small distances at will. [mutagenic meat]
  3536 | D:6      | Gained mutation: You are weak. (Str -2) [mutagenic meat]
  3537 | D:6      | Gained mutation: You are resistant to hostile enchantments. (MR+) [mutagenic meat]
  3584 | D:6      | Reached XP level 9. HP: 24/46 MP: 10/10
  3925 | D:7      | Found a burning altar of Makhleb.
  3925 | D:7      | Noticed an Executioner
  4444 | D:7      | Found a sacrificial altar of Ru.
  4751 | D:8      | Found a staircase to the Lair.
  4897 | D:7      | Gained mutation: Your body sometimes deteriorates upon taking damage. [mutagenic meat]
  4899 | D:7      | Gained mutation: Your body often deteriorates upon taking damage. [mutagenic meat]
  5241 | D:8      | Reached skill level 7 in Axes
  5318 | D:8      | Found an ancient bone altar of Kikubaaqudgha.
  5390 | D:8      | Reached skill level 5 in Fighting
  5453 | D:8      | Reached *** piety under Okawaru
  5647 | D:9      | Noticed Erolcha
  5671 | D:9      | Killed Erolcha
  5671 | D:9      | Reached skill level 5 in Dodging
  5671 | D:9      | Reached skill level 5 in Stealth
  5671 | D:9      | Reached XP level 10. HP: 21/51 MP: 11/11
  5719 | D:9      | Reached skill level 8 in Axes
  5831 | D:9      | Noticed a two-headed ogre
  5850 | D:9      | Slain by a two-headed ogre

Vault maps used:
D:1:      ldierk_water_garden
D:2:      lemuel_crystal_altar
D:3:      chequers_ecumenical_altar_lobes, first_bread
D:5:      grunt_temple_overflow_order_and_chaos_1,
          lemuel_zombie_altar_yredelemnul, uniq_pikel, uniq_menkaure
D:6:      vehumet_statue, kennysheep_mini_moat, minmay_temple_entry_junction,
          minmay_misc_feat_hallway, uniq_edmund
D:7:      makhleb_altar_promises_db, nicolae_ru_the_path_less_chosen
D:8:      minmay_lair_entry_lava, basic_altar
D:9:      hiddenorc1_lemuel, serial_shops, nicolae_shop_statue_plus,
          uniq_erolcha
Temple:   jpeg_temple_clearing

Skill      XL: |  1  2  3  4  5  6  7  8  9 10 |
---------------+-------------------------------+-----
Axes           | 3 4 5 6 7 8 |  8.0
Fighting       | 3 4 5 |  5.6
Armour         | 1 2 3 4 |  4.5
Dodging        | 3 4 5 |  5.1
Throwing       | 1 2 3 4 |  4.8
Stealth        | 3 5 |  5.0
Polearms       | 1 2 |  2.4
Maces & Flails | |  0.1

Action                   |  1- 3 |  4- 6 |  7- 9 | 10-12 || total
-------------------------+-------+-------+-------+-------++-------
Melee: Hand axe          |   107 |   107 |   343 |       ||   557
       Bite              |    21 |    41 |   139 |    10 ||   211
       Flail             |       |     7 |       |       ||     7
       Trident           |       |    17 |    50 |    34 ||   101
       Unarmed           |       |       |     3 |       ||     3
 Fire: Blowgun           |       |    28 |    53 |     6 ||    87
  Use: Scroll            |       |     1 |     1 |       ||     2
       Potion            |       |       |     2 |       ||     2
 Stab: Sleeping          |     1 |     1 |     8 |       ||    10
       Distracted        |     1 |       |       |       ||     1
  Eat: Chunk             |       |     4 |    19 |       ||    23
       Fruit             |       |       |     1 |     1 ||     2
       Bread ration      |       |       |       |     1 ||     1
Armor: Ring mail         |    47 |    38 |    88 |     8 ||   181
Dodge: Dodged            |    69 |    87 |   152 |    12 ||   320
Block: Other             |       |    36 |   138 |     9 ||   183
       Reflection        |       |     4 |       |       ||     4

Table legend:
 A = Spawn XP
 B = Non-spawn XP
 C = Spawn XP percentage of total XP
 D = Spawn monster count
 E = Non-spawn monster count
 F = Spawn count percentage of total count
 G = Total turns spent on level
                    A         B        C        D         E        F      G
               +---------+---------+-------+---------+---------+-------+---------
         Total |       0 |    5688 |   0.0 |       0 |     150 |   0.0 |  5850
               +---------+---------+-------+---------+---------+-------+---------
           D:1 |       0 |      36 |   0.0 |       0 |      21 |   0.0 |   649
           D:2 |       0 |      43 |   0.0 |       0 |      14 |   0.0 |   787
           D:3 |       0 |      84 |   0.0 |       0 |      23 |   0.0 |   495
           D:4 |       0 |    1276 |   0.0 |       0 |      31 |   0.0 |   736
           D:5 |       0 |     376 |   0.0 |       0 |       9 |   0.0 |   557
           D:6 |       0 |     798 |   0.0 |       0 |       8 |   0.0 |   605
           D:7 |       0 |     557 |   0.0 |       0 |      19 |   0.0 |  1060
           D:8 |       0 |     980 |   0.0 |       0 |      21 |   0.0 |   727
           D:9 |       0 |    1538 |   0.0 |       0 |       4 |   0.0 |   203
               +---------+---------+-------+---------+---------+-------+---------
